 Dungeon Crawl Stone Soup version 0.25.1-8-g42b30a86e7 (webtiles) character file.

Game seed: 1334177534254623388

2450 gruber the Carver (level 9, 0/61 (63) HPs)
             Began as a Demonspawn Fighter on Dec 14, 2020.
             Was an Initiate of Makhleb.
             Slain by a basilisk (15 damage)
             ... on level 7 of the Dungeon.
             The game lasted 00:07:43 (9383 turns).

gruber the Carver (Demonspawn Fighter)              Turns: 9383, Time: 00:07:44

HP:   0/61 (63)     AC: 17    Str: 19    XL:     9   Next: 25%
MP:   9/9           EV:  8    Int: 11    God:    Makhleb [......]
Gold: 316           SH: 10    Dex: 12    Spells: 8/8 levels left

rFire    . . .     SeeInvis .   a - +0 long sword
rCold    + . .     Gourm    .   c - +0 kite shield
rNeg     . . .     Faith    .   b - +0 scale mail
rPois    .         Spirit   .   g - +1 hat
rElec    .         Reflect  .   p - +0 cloak
rCorr    .         Harm     .   z - +0 pair of gloves
MR       +....                  x - +0 pair of boots
Stlth    ..........             (no amulet)
HPRegen  0.20/turn              q - +4 ring of protection
MPRegen  0.11/turn              I - ring of protection from magic

@: no status effects
A: talons 1, yellow scales 1, cold resistance 1
a: Renounce Religion


You were on level 7 of the Dungeon.
You worshipped Makhleb.
Makhleb was noncommittal.
You were hungry.

You visited 2 branches of the dungeon, and saw 9 of its levels.

You collected 366 gold pieces.
You spent 50 gold pieces at shops.

Inventory:

Hand Weapons
 a - a +0 long sword (weapon)
Missiles
 o - 7 javelins (quivered)
Armour
 b - a +0 scale mail (worn)
 c - a +0 kite shield (worn)
 g - a +1 hat (worn)
 p - a +0 cloak (worn)
 x - a +0 pair of boots (worn)
 z - a +0 pair of gloves (worn)
Jewellery
 i - an uncursed ring of ice
 q - a +4 ring of protection (left hand)
 I - a ring of protection from magic (right hand)
Wands
 E - a wand of iceblast (5)
Scrolls
 e - 3 scrolls of identify
 h - a scroll of enchant armour {unknown}
 k - 5 scrolls of remove curse {unknown}
 l - 2 scrolls of enchant weapon {unknown}
 m - 4 scrolls of teleportation
 r - a scroll of noise {unknown}
 s - 2 scrolls of amnesia {unknown}
 t - 4 scrolls of magic mapping {unknown}
 u - a scroll of acquirement {unknown}
 v - 4 scrolls of fog {unknown}
 y - a scroll of random uselessness {unknown}
 C - a scroll of immolation {unknown}
 D - 2 scrolls of blinking {unknown}
Potions
 d - 3 potions of might
 j - a potion of heal wounds
 n - 3 potions of curing
 w - a potion of flight
 A - 2 potions of lignification
 B - a potion of cancellation
 F - 2 potions of brilliance
 G - a potion of haste
 J - a potion of berserk rage
Comestibles
 f - 19 rations


   Skills:
 - Level 3.0 Fighting
 - Level 9.0 Long Blades
 * Level 4.0 Armour
 - Level 1.0 Dodging
 - Level 7.0 Shields


You had 8 spell levels left.
You didn't know any spells.
Your spell library was empty.

Dungeon Overview and Level Annotations

Branches:
Dungeon (8/15)             Temple (1/1) D:7
   Lair: D:8-11

Altars:
Dithmenos
Elyvilon
Fedhas
Hepliaklqana
Kikubaaqudgha
Makhleb
Nemelex Xobeh
Okawaru
Qazlal
Ru
Sif Muna
Trog
Uskayaw
Vehumet
Wu Jian
Xom
Yredelemnul
Zin
The Shining One

Shops:
D:6 ?


Innate Abilities, Weirdness & Mutations

You have sharp toenails.
You are partially covered in yellow scales. (AC +2)
Your flesh is cold resistant. (rC+)


Message History

The basilisk bites you but does no damage. x3
The basilisk gazes at you. The basilisk gazes at you. The basilisk bites you.
* * * LOW HITPOINT WARNING * * *
You turn to flesh and can move again.
Unknown command.
Unknown command.
Unknown command.
You closely miss the basilisk.
The basilisk is severely wounded.
You block the basilisk's attack.
You hit the basilisk but do no damage.
The basilisk is severely wounded.
The basilisk gazes at you. You resist with almost no effort.
You closely miss the basilisk.
The basilisk is severely wounded.
The basilisk bites you!
You die...

##....(.........###.....## #..
....###........## #....## ##..
....#######.....####..## #...
##...# ##.....###..# ##... #...#
##...........## ###....
##..#####.............####......
#...##................#..<.....
##......##.....#...............
#.....###...l@#...###.........
#....## #....##..## ###....... #
#...## ##....#...# ##......
####..## #.....#..## #...###.
.......## #........# #..## #.
....#...###.......## ##..# ###
..####...#........# #...# #..
..# ###..........## #..## #.#
..## ##...####...### ##..# ###


You could see a basilisk.

Vanquished Creatures
  A spriggan (D:7)
  3 yaks (D:7)
  A porcupine (D:7)
  An ice beast (D:6)
  2 sky beasts (D:5)
  An orc warrior (D:6)
  A necrophage (D:6)
  3 ogres
  A centaur (D:5)
  A crocodile (D:7)
  A wyvern zombie (D:7)
  A water moccasin skeleton (D:5)
  A scorpion (D:5)
  5 orc priests
  A centaur skeleton (D:5)
  3 hounds
  2 jellies
  A bullfrog skeleton (D:5)
  2 iguanas
  2 worker ants
  A hound skeleton (D:4)
  A howler monkey zombie (D:5)
  10 adders
  3 gnolls (D:2)
  3 shadow imps
  An ooze (D:7)
  An adder zombie (D:6)
  An adder skeleton (D:5)
  A worm (D:4)
  4 dart slugs
  4 leopard geckos
  21 orcs
  4 bats
  4 giant cockroaches
  10 goblins
  13 hobgoblins
  7 jackals
  4 kobolds
  6 frilled lizards
  A giant cockroach zombie (D:6)
  2 leopard gecko skeletons
  A leopard gecko zombie (D:5)
  5 rats
142 creatures vanquished.

Notes
Turn   | Place    | Note
-------+----------+-------------------------------------------
     0 | D:1      | gruber the Demonspawn Fighter began the quest for the Orb.
     0 | D:1      | Reached XP level 1. HP: 18/18 MP: 1/1
   182 | D:1      | Reached skill level 2 in Long Blades
   219 | D:1      | Gained mutation: You have sharp toenails. [demonic
                  | ancestry]
   219 | D:1      | Reached XP level 2. HP: 24/24 MP: 2/2
   809 | D:2      | Found a faded altar of an unknown god.
   820 | D:2      | Gained mutation: You are partially covered in yellow
                  | scales. (AC +2) [demonic ancestry]
   820 | D:2      | Reached XP level 3. HP: 29/29 MP: 3/3
  1023 | D:2      | Reached XP level 4. HP: 35/35 MP: 4/4
  1149 | D:2      | Reached skill level 3 in Long Blades
  2401 | D:3      | Reached XP level 5. HP: 38/41 MP: 5/5
  2453 | D:3      | Found a blossoming altar of Fedhas.
  2685 | D:2      | HP: 2/41 [orc priest/divine providence (10)]
  2991 | D:3      | Reached skill level 4 in Long Blades
  3414 | D:3      | Found an ornate altar of the Wu Jian Council.
  3518 | D:4      | Reached XP level 6. HP: 37/47 MP: 6/6
  3744 | D:4      | Found a sacrificial altar of Ru.
  3744 | D:4      | Found a radiant altar of Vehumet.
  3769 | D:4      | Found a shadowy altar of Dithmenos.
  3894 | D:4      | Reached skill level 5 in Long Blades
  4151 | D:4      | Found a glowing golden altar of the Shining One.
  4151 | D:4      | Found a hazy altar of Hepliaklqana.
  4280 | D:5      | Entered Level 5 of the Dungeon
  4374 | D:5      | Noticed a sky beast
  4383 | D:5      | Killed a sky beast
  4383 | D:5      | Reached XP level 7. HP: 52/52 MP: 7/7
  4601 | D:5      | Reached skill level 6 in Long Blades
  4601 | D:5      | Reached skill level 1 in Dodging
  6204 | D:5      | Found a white marble altar of Elyvilon.
  6259 | D:5      | Reached skill level 7 in Long Blades
  6354 | D:5      | Gained mutation: Your flesh is cold resistant. (rC+)
                  | [demonic ancestry]
  6354 | D:5      | Reached XP level 8. HP: 43/58 MP: 8/8
  6739 | D:6      | Reached skill level 8 in Long Blades
  7139 | D:6      | Found Dukubony's Magic Scroll Shop.
  7149 | D:6      | Bought a scroll of identify for 20 gold pieces
  7149 | D:6      | Bought a scroll of teleportation for 30 gold pieces
  7859 | D:7      | Found a staircase to the Ecumenical Temple.
  7872 | D:7      | Reached skill level 9 in Long Blades
  7931 | Temple   | Entered the Ecumenical Temple
  8083 | Temple   | Became a worshipper of Makhleb the Destroyer
  8652 | D:7      | Reached skill level 5 in Shields
  8984 | D:7      | Reached XP level 9. HP: 54/61 MP: 9/9
  9383 | D:7      | Slain by a basilisk

Illustrated notes

Levels and vault maps discovered:
D:1:      lightli_arrival_windingriver, layout_rooms, minmay_misc_feat_rugged,
          st_stairs_4
D:2:      kennysheep_the_goblin_king, layout_rooms,
          chequers_ecumenical_altar_island
D:3:      layout_rooms, marbit_many_paths, lemuel_coloured_pillars_altar,
          first_ration
D:4:      layout_rooms, lemuel_doored_altar, gammafunk_temple_overflow_pools,
          gammafunk_temple_overflow_wave, nrook_mini_vaults
D:5:      layout_basic, elyvilon_altar_4
D:6:      layout_gridville, serial_shops, nicolae_shop_statue_plus,
          minivault_11, grunt_ministairs_4, nrook_mini_backslash
D:7:      layout_layer_cave, minmay_temple_entry_proselytizer, the_bakery
D:8:      layout_loops_ring, lemuel_crystal_altar, minmay_lair_entry_grove
Temple:   oiseaux_autumnal_temple

Skill      XL: |  1  2  3  4  5  6  7  8  9 |
---------------+----------------------------+-----
Long Blades    | 2 3 4 5 7 9 |  9.0
Armour         | 3 4 |  4.0
Shields        | 3 4 5 7 |  7.0
Dodging        | 1 |  1.0
Fighting       | |  3.0

Action                   |  1- 3 |  4- 6 |  7- 9 || total
-------------------------+-------+-------+-------++-------
Melee: Long sword        |    64 |   205 |   337 ||   606
       Kick              |    12 |    13 |       ||    25
Throw: Javelin           |       |       |     5 ||     5
Evoke: Wand              |       |       |     4 ||     4
  Use: Scroll            |       |       |     9 ||     9
  Eat: Chunk             |       |    10 |    10 ||    20
       Ration            |       |       |     2 ||     2
Armor: Scale mail        |    18 |   112 |   158 ||   288
Dodge: Dodged            |     4 |    62 |    77 ||   143
Block: Kite shield       |    24 |    99 |   153 ||   276
       Rpst.: Long sword |     2 |    17 |    29 ||    48
